 Dungeon Crawl Stone Soup version 0.32-a0-30-gefbe487952 (webtiles) character file.

Game seed: 13906245935522562689

16 hence the Cudgeller (level 2, 0/7 HPs)
             Began as a Human Berserker on Jan 19, 2024.
             Was a Follower of Trog.
             Slain by a hobgoblin (3 damage)
             ... on level 1 of the Dungeon.
             The game lasted 00:06:41 (296 turns).

hence the Cudgeller (Human Berserker)                Turns: 296, Time: 00:06:42

Health: 0/7        AC:  0    Str: 17    XL:     2   Next: 58%
Magic:  2/2        EV: 16    Int:  7    God:    Trog [*.....]
Gold:   63         SH:  0    Dex: 12    Spells: 1/1 levels left

rFire   . . .        a - melded +0 mace
rCold   . . .        (shield currently unavailable)
rNeg    . . .        b - melded +0 animal skin
rPois   .            (no helmet)
rElec   .            (no cloak)
rCorr   .            (no gloves)
SInv    .            (no boots)
Will    .....        (no amulet)
Stlth   +            (no ring)
HPRegen 0.21/turn    (no ring)
MPRegen 0.08/turn

%: no passive effects
@: flux-form, glowing
A: glow, contaminating, reduced hp, explore regen
a: Begin Untransformation, Renounce Religion, Berserk


You were on level 1 of the Dungeon.
You worshipped Trog.
Trog was aware of your devotion.
You were something dangerously unstable.
You visited 1 branch of the dungeon, and saw 1 of its levels.

You collected 63 gold pieces.

Inventory:

Hand Weapons
 a - a +0 mace (melded)
 e - a +0 dagger
 j - a +0 sling
 k - a +0 flail
 l - a +0 whip
Missiles
 c - 3 poisoned darts (quivered)
 d - 14 stones
Armour
 b - a +0 animal skin (melded)
 i - a +1 ring mail
 m - a +0 robe
Talismans
 f - a flux talisman (active)
Scrolls
 g - 2 scrolls of revelation
 n - a scroll of identify {unknown}
Potions
 h - a potion of enlightenment {unknown}


   Skills:
 + Level 3.2 Fighting
 + Level 3.4 Maces & Flails
 + Level 2.0 Armour
 + Level 2.2 Dodging


You had one spell level left.
You didn't know any spells.
Your spell library was empty.

Dungeon Overview and Level Annotations

Branches:
Dungeon (1/15)

Altars:


Innate Abilities, Weirdness & Mutations

You are something dangerously unstable.
You glow with magical radiation, making you easy to see and hit.
Foes you strike become dangerously contaminated with magical radiation.
Your maximum health is decreased, since you lack skill for your form.
You are incapable of wielding weapons or throwing items.
You regain HP and MP as you explore.


Message History

The ball python barely misses you.
You closely miss the ball python. The ball python bites you.
The ball python completely misses you.
You hit the ball python.
The ball python begins to glow.
The ball python is moderately wounded.
The ball python closely misses you. x2
You hit the ball python.
The ball python glows dangerously bright.
The ball python is heavily wounded.
The ball python completely misses you. The ball python misses you.
You hit the ball python.
You kill the ball python!
Trog accepts your kill.
You see here a ball python corpse.
Found a scroll labelled NOTUUL MELIVO.
Found a chain mail.
l - a scroll labelled NOTUUL MELIVO
As you read the scroll labelled NOTUUL MELIVO, it crumbles to dust.
It is a scroll of enchant armour.
Your +0 ring mail glows green for a moment.
Found a whip.
You see here a +0 whip.
l - a +0 whip
Found a robe.
Found a scroll labelled ZOPORROVVO.
You see here a +0 robe.
m - a +0 robe A hobgoblin comes into view.
The hobgoblin shouts!
You hear a loud squeak.
You see here a scroll labelled ZOPORROVVO.
n - a scroll labelled ZOPORROVVO You hit the hobgoblin.
The hobgoblin begins to glow.
The hobgoblin is moderately wounded.
The hobgoblin hits you.
Ouch! That really hurt!
* * * LOW HITPOINT WARNING * * *
You barely miss the hobgoblin.
The hobgoblin is lightly wounded.
The hobgoblin hits you.
You die...

########## *,,,*,,,,*
#........# *,*,,,,,,,
#.######.# *,*,***,,* #.#
#.# ***,*,,,,,,, #.# #.#
*,,,,,,*,,,, #.# #.#
*,,***,*,,,, #.#
#.#########..,,,,*,,,, #.#
#............,,,,,,,*, #.#
##...pg.....#****,,,*, #.#
#.########## ****** #.# #.#
******** #.# *###.# *,,,,,,,
#.# *....# *,****** #.#
*.####***********,** #.#
##.##*,,,,,,,,,,,,,,**
#.###...##.************,,***
#.#...#....* **,,,*


You could see a hobgoblin (contam).

Vanquished Creatures
  A ball python (D:1)
  2 bats (D:1)
  2 endoplasms (D:1)
  2 hobgoblins (D:1)
  4 jackals (D:1)
  A quokka (D:1)
12 creatures vanquished.

Notes
Turn   | Place    | Note
-------+----------+-------------------------------------------
     0 | D:1      | hence the Human Berserker began the quest for the Orb.
     0 | D:1      | Reached XP level 1. HP: 18/18 MP: 1/1
   120 | D:1      | Reached XP level 2. HP: 16/24 MP: 2/2
   296 | D:1      | Slain by a hobgoblin

Illustrated notes

Levels and vault maps discovered:
D:1:      minmay_arrival_radiant_lines, layout_loops_ring, minmay_tromino_i4

Action                     || total
---------------------------++-------
  Melee: Mace              ||    30
         Unarmed           ||    23
    Use: Scroll            ||     3
 Armour: Animal skin       ||    27
         Skin              ||     8
  Dodge: Dodged            ||    56
   Form: Flux              ||     1

Table legend: (Time is in decaauts)
 A = Elapsed time spent in this place.
 B = Non-inter-level travel time spent in this place.
 C = Inter-level travel time spent in this place.
 D = Time resting spent in this place.
 E = Time spent auto-exploring this place.
 F = Levels seen in this place.
 G = Mean time per level.
                   A        B        C        D        E       F      G
               +--------+--------+--------+--------+--------+-----+--------+
         Total |    303 |    303 |      0 |      0 |      0 |   1 |  303.0 |
       Dungeon |    303 |    303 |      0 |      0 |      0 |   1 |  303.0 |
               +--------+--------+--------+--------+--------+-----+--------+

Top non-repeatable levels by time:
     D:1: 303 daAuts
